 Dungeon Crawl Stone Soup version 0.28-a0-1415-g7c84da036a (webtiles) character file.

Game seed: 9944131331510125489

149 Hasart the Sneak (level 5, -8/28 HPs)
             Began as a Kobold Enchanter on Jan 7, 2022.
             Mangled by a phantom (9 damage)
             ... on level 2 of the Dungeon.
             The game lasted 00:07:39 (3448 turns).

Hasart the Sneak (Kobold Enchanter)                 Turns: 3448, Time: 00:07:40

Health: -8/28      AC:  2    Str:  5    XL:     5   Next: 56%
Magic:  18/18      EV: 15    Int: 18    God:
Gold:   27         SH:  5    Dex: 16    Spells: 2/10 levels left

rFire   . . .      SeeInvis .   o - +2 spear (venom)
rCold   . . .      Faith    .   (no shield)
rNeg    . . .      Spirit   .   b - +0 robe
rPois   .          Reflect  +   (no helmet)
rElec   .          Harm     .   (no cloak)
rCorr   .          Rampage  .   (no gloves)
Will    .....                   (no boots)
Stlth   ++++......              l - amulet of reflection
HPRegen 0.09/turn               d - ring of magical power
MPRegen 0.16/turn               (no ring)

@: no status effects
A: small, no large weapons, nightstalker 3
a: no special abilities


You were on level 2 of the Dungeon.
You visited 1 branch of the dungeon, and saw 3 of its levels.

You collected 27 gold pieces.

Inventory:

Hand Weapons
 a - a +1 dagger
 o - a +2 spear of venom (weapon)
Armour
 b - a +0 robe (worn)
Jewellery
 d - a ring of magical power (left hand)
 l - an amulet of reflection (around neck)
Scrolls
 f - a scroll of enchant weapon {unknown}
 h - a scroll of immolation {unknown}
 i - a scroll of torment {unknown}
 j - a scroll of blinking {unknown}
 k - a scroll of holy word {unknown}
 m - 3 scrolls of amnesia {unknown}
Potions
 c - a potion of invisibility
 e - a potion of might {unknown}
 g - a potion of magic {unknown}
 n - a potion of cancellation {unknown}


   Skills:
 - Level 2.6 Short Blades
 + Level 0.2 Polearms
 + Level 3.5 Dodging
 + Level 4.7 Stealth
 + Level 3.0 Spellcasting
 * Level 4.1 Hexes


You had 2 spell levels left.
You knew the following spells:

 Your Spells              Type           Power      Damage    Failure   Level
a - Ensorcelled Hibernat  Hex/Ice        20%        N/A       11%         2
b - Confusing Touch       Hex            17%        N/A       9%          3
c - Tukima's Dance        Hex            17%        N/A       9%          3

Your spell library contained the following spells:

 Spells                   Type           Power      Damage    Failure   Level
 Animate Skeleton         Necr           4%         N/A       16%         1
 Pain                     Necr           8%         1d4       16%         1
 Corpse Rot               Necr/Air       4%         N/A       24%         2
 Poisonous Vapours        Pois/Air       4%         N/A       24%         2
 Sublimation of Blood     Necr           2%         N/A       24%         2
 Wereblood                Tmut           2%         N/A       24%         2
 Dazzling Flash           Conj/Hex       20%        N/A       22%         3
 Portal Projectile        Hex/Tloc       20%        N/A       22%         3
 Call Canine Familiar     Summ           2%         N/A       43%         3
 Vampiric Draining        Necr           2%         2d6       43%         3
 Leda's Liquefaction      Hex/Erth       5%         N/A       56%         4
 Petrify                  Tmut/Erth      2%         N/A       85%         4
 Metabolic Englaciation   Hex/Ice        5%         N/A       89%         5
 Statue Form              Tmut/Erth      1%         N/A       100%        6
 Summon Hydra             Summ           1%         N/A       100%        7


Dungeon Overview and Level Annotations

Branches:
Dungeon (3/15)

Altars:

Shops:
D:3 ?

Annotations:
D:2 Natasha


Innate Abilities, Weirdness & Mutations

You are small and have problems with some larger weapons.
You are completely attuned to the shadows.


Message History

You barely miss the phantom. The phantom barely misses you.
You hit the phantom but do no damage.
The phantom appears confused.
You barely miss the phantom.
You catch the helpless phantom completely off-guard!
You hit the phantom.
The phantom is lightly damaged.
You block the phantom's attack.
You hit the phantom.
The phantom is moderately damaged.
The phantom hits you.
* * * LOW HITPOINT WARNING * * *
You hit the phantom.
The phantom is moderately damaged.
The phantom hits you but does no damage.
You hit the phantom. Your punch misses the phantom.
The phantom is heavily damaged.
You hit the phantom.
The phantom is heavily damaged.
The phantom hits you.
* * * LOW HITPOINT WARNING * * *
You hit the phantom but do no damage.
The phantom is heavily damaged.
You catch the helpless phantom completely off-guard!
You hit the phantom but do no damage.
The phantom is heavily damaged.
The phantom seems less confused.
You block the phantom's attack.
You hit the phantom.
The phantom is severely damaged.
The phantom closely misses you.
You barely miss the phantom.
The phantom is severely damaged.
The phantom hits you.
* * * LOW HITPOINT WARNING * * *
You miss the phantom.
The phantom is severely damaged.
The phantom closely misses you.
You hit the phantom.
The phantom is almost destroyed.
The phantom hits you!
You die...

#...##..........#...
#)..##.########...#.
#......# ##....
##..#### #..##. #.>#
#.###. #..# #.# #.
#..# #.# ## #..# #.#
#.@######## #.#
#..W......# #.#
#.#######.# #.# #.#
#.# #.# #.# #.# #.#
#(# #.# #.#
#.#######.# #.#
#.........# #.#
########..# #.#


You could see a phantom.

Vanquished Creatures
  A hound (D:3)
  Natasha (D:2)
  Robin (D:2)
  2 adders
  A dart slug (D:3)
  5 endoplasms
  4 giant cockroaches
  6 hobgoblins
  4 jackals
  2 ball pythons
  10 bats
  7 frilled lizards
  7 goblins
  7 kobolds
  6 rats
64 creatures vanquished.

Vanquished Creatures (others)
  A goblin (D:2)
1 creature vanquished.

Grand Total: 65 creatures vanquished

Notes
Turn   | Place    | Note
-------+----------+-------------------------------------------
     0 | D:1      | Hasart the Kobold Enchanter began the quest for the Orb.
     0 | D:1      | Reached XP level 1. HP: 10/10 MP: 3/3
   472 | D:1      | Reached XP level 2. HP: 15/15 MP: 5/5
   477 | D:1      | Learned a level 2 spell: Ensorcelled Hibernation
  1091 | D:1      | Reached XP level 3. HP: 19/19 MP: 6/6
  1180 | D:2      | Found a faded altar of an unknown god.
  1470 | D:2      | Noticed Robin
  1835 | D:2      | Noticed Natasha
  1845 | D:2      | Learned a level 3 spell: Confusing Touch
  1875 | D:2      | Killed Natasha
  1876 | D:2      | Reached XP level 4. HP: 16/24 MP: 8/8
  2203 | D:2      | Killed Robin
  2241 | D:2      | Noticed Natasha
  2727 | D:3      | Reached XP level 5. HP: 28/28 MP: 9/9
  2856 | D:2      | Learned a level 3 spell: Tukima's Dance
  3080 | D:3      | Found Deoxing's Magic Scroll Emporium.
  3224 | D:3      | Noticed a phantom
  3446 | D:2      | HP: 1/28 [phantom (2)]
  3448 | D:2      | Mangled by a phantom

Illustrated notes

Levels and vault maps discovered:
D:1:      dpeg_arrival_boxes_within_box, layout_basic
D:2:      layout_loops_ring, chequers_ecumenical_altar_simple_redux,
          uniq_natasha, uniq_robin
D:3:      layout_rooms, serial_shops, nicolae_diamond_shop,
          hangedman_decor_points

Skill      XL: |  1  2  3  4  5 |
---------------+----------------+-----
Dodging        | 3 |  3.5
Short Blades   | 2 |  2.6
Hexes          | 4 |  4.1
Spellcasting   | 3 |  3.0
Polearms       | |  0.2
Stealth        | |  4.7

Action                   |  1- 3 |  4- 6 || total
-------------------------+-------+-------++-------
Melee: Dagger            |   124 |    78 ||   202
       Punch             |       |     1 ||     1
       Spear             |       |    47 ||    47
 Cast: Ensorcelled Hiber |     4 |     2 ||     6
       Confusing Touch   |     1 |     2 ||     3
 Stab: Sleeping          |    18 |     7 ||    25
       Confused          |     1 |     4 ||     5
Armor: Robe              |    15 |     9 ||    24
Dodge: Dodged            |    80 |    86 ||   166
Block: Other             |     3 |    35 ||    38

Table legend: (Time is in decaauts)
 A = Elapsed time spent in this place.
 B = Non-inter-level travel time spent in this place.
 C = Inter-level travel time spent in this place.
 D = Time resting spent in this place.
 E = Time spent auto-exploring this place.
 F = Levels seen in this place.
 G = Mean time per level.
                   A        B        C        D        E       F      G
               +--------+--------+--------+--------+--------+-----+--------+
         Total |   3432 |   3368 |     64 |    520 |   2273 |   3 | 1144.0 |
       Dungeon |   3432 |   3368 |     64 |    520 |   2273 |   3 | 1144.0 |
               +--------+--------+--------+--------+--------+-----+--------+

Top non-repeatable levels by time:
     D:2: 1884 daAuts
     D:1: 1149 daAuts
     D:3: 398 daAuts
